 Dungeon Crawl Stone Soup version 0.30-a0-883-g5ad918d77d (webtiles) character file.

Game seed: 16622851705861067666

96 Dittersdorf the Shield-Bearer (level 4, 0/34 (36) HPs)
             Began as a Human Fighter on Mar 15, 2023.
             Slain by an orc
             ... wielding a +0 dagger
              (3 damage)
             ... on level 2 of the Dungeon.
             The game lasted 00:02:29 (1693 turns).

Dittersdorf the Shield-Bearer (Human Fighter)       Turns: 1693, Time: 00:02:29

HP:   0/34 (36)     AC:  8    Str: 19    XL:     4   Next: 98%
MP:   4/4           EV:  9    Int: 14    God:
Gold: 85            SH:  4    Dex: 12    Spells: 3/3 levels left

rFire   . . .      SeeInvis .    a - +0 long sword
rCold   + . .      Faith    .    c - +0 buckler
rNeg    . . .      Spirit   .    b - +0 scale mail
rPois   .          Reflect  .    (no helmet)
rElec   .          Rampage  .    g - +0 cloak
rCorr   .                        (no gloves)
Will    .....                    (no boots) Stlth
                                 (no amulet)
HPRegen 0.25/turn                e - ring of protection from cold
MPRegen 0.09/turn                f - +6 ring of intelligence

@: drained
A: no striking features
a: no special abilities


You were on level 2 of the Dungeon.
You visited 1 branch of the dungeon, and saw 5 of its levels.

You collected 85 gold pieces.

Inventory:

Hand Weapons
 a - a +0 long sword (weapon)
Missiles
 j - 10 poisoned darts (quivered)
Armour
 b - a +0 scale mail (worn)
 c - a +0 buckler (worn)
 g - a +0 cloak (worn)
Jewellery
 e - a ring of protection from cold (left hand)
 f - a +6 ring of intelligence (right hand)
Scrolls
 h - a scroll of amnesia {unknown}
 i - 2 scrolls of identify {unknown}
 m - 3 scrolls of teleportation {unknown}
 o - 2 scrolls of poison {unknown}
 p - a scroll of noise {unknown}
 q - a scroll of torment {unknown}
Potions
 d - 2 potions of might
 k - 5 potions of curing {unknown}
 l - 2 potions of magic {unknown}
 n - a potion of haste {unknown}


   Skills:
 + Level 3.6 Fighting
 + Level 2.9 Long Blades
 + Level 3.7 Armour
 + Level 3.7 Shields


You had 3 spell levels left.
You didn't know any spells.
Your spell library contained the following spells:

 Spells                   Type           Power      Damage    Failure   Level
 Apportation              Tloc           0%         N/A       73%         1
 Necrotise                Necr           0%         1d4       73%         1
 Summon Small Mammal      Summ           0%         N/A       73%         1
 Cigotuvi's Dreadful Rot  Necr/Pois/Air  0%         N/A       86%         2
 Poisonous Vapours        Pois/Air       0%         N/A       86%         2
 Mephitic Cloud           Conj/Pois/Air  0%         N/A       97%         3
 Summon Ice Beast         Ice/Summ       0%         N/A       100%        4
 Summon Mana Viper        Hex/Summ       0%         N/A       100%        5
 Monstrous Menagerie      Summ           0%         N/A       100%        7


Dungeon Overview and Level Annotations

Branches:
Dungeon (5/15)
 Temple: D:4-7

Altars:
Qazlal

Shops:
D:3 (

Annotations:
D:5 3 runed translucent doors, Pokonic1's ghost, amateur DsVM; sirJeffrey23's ghost, novice DsFi


Message History

You are too injured to fight recklessly!
You are too injured to fight recklessly!
You are too injured to fight recklessly!
You are too injured to fight recklessly!
You are too injured to fight recklessly!
You are too injured to fight recklessly!
You are too injured to fight recklessly!
You are too injured to fight recklessly!
You are too injured to fight recklessly!
You are too injured to fight recklessly!
You feel sick.
You feel sick.
You feel sick.
You feel sick.
You feel sick.
You feel sick.
You feel sick. The orc attacks as you move away!
The orc hits you with a +0 dagger.
* * * LOW HITPOINT WARNING * * *
You feel sick.
You are no longer poisoned.
There is a stone staircase leading up here.
The orc hits you but does no damage.
You climb upwards.
There is a stone staircase leading down here.
You closely miss the orc. The orc hits you but does no damage.
You hit the orc.
The orc is lightly wounded.
The orc hits you but does no damage.
You hit the orc.
The orc is severely wounded.
The orc hits you but does no damage. The orc hits you with a +0 dagger.
* * * LOW HITPOINT WARNING * * *
You barely miss the orc.
The orc is severely wounded.
The orc closely misses you.
You hit the orc but do no damage.
The orc is heavily wounded.
The orc hits you with a +0 dagger.
You die...

#.###.#.###.### #..# #.#
#.#.# #.# #..# #.# #.#.#
#.# #..# #.# #.#.# #.# #..#
..###.#.###.# #..#
#...........##### #..#
#..##[##.~~..~..# #..#
...##.##.~~##~#.########..#
#.###.~~.#.8~.[.@o........#
#.##~~~~##~~#.....######..#
#...~~#~~~.##~......# #).#
#.#.~#~~.~~#......#.# #..#
#.##.'~.~~~#~~...##.####..#
#.##.'~[.._#~.......#.##[.#
#....'~~~~~#~...##...#....#
###.~#~.~~~#.~#.##..###...#
#.~##~~..##~#.##.## ##..#


You could see an orc.

Vanquished Creatures
  4 adders
  3 dart slugs
  4 orcs
  3 bats (D:1)
  4 endoplasms
  5 goblins
  6 hobgoblins
  2 quokkas (D:1)
  7 ball pythons
  5 kobolds
  3 rats
  A spectral kobold (D:2)
47 creatures vanquished.

Notes
Turn   | Place    | Note
-------+----------+-------------------------------------------
     0 | D:1      | Dittersdorf the Human Fighter began the quest for the Orb.
     0 | D:1      | Reached XP level 1. HP: 18/18 MP: 1/1
    91 | D:1      | Reached XP level 2. HP: 14/24 MP: 2/2
   344 | D:1      | Reached XP level 3. HP: 29/29 MP: 3/3
   571 | D:2      | Found a faded altar of an unknown god.
   964 | D:2      | Reached XP level 4. HP: 35/35 MP: 4/4
  1470 | D:3      | You fall into a shaft and drop 2 floors!
  1470 | D:5      | Entered Level 5 of the Dungeon
  1470 | D:5      | Found a runed translucent gate.
  1471 | D:5      | Found a runed translucent gate.
  1474 | D:5      | Found a runed translucent gate.
  1476 | D:5      | Noticed sirJeffrey23's ghost (novice DsFi)
  1476 | D:5      | Noticed Pokonic1's ghost (amateur DsVM)
  1502 | D:5      | Found a stormy altar of Qazlal.
  1647 | D:3      | Found Siuxourch's Antique Weapon Shoppe.
  1693 | D:2      | Slain by an orc

Illustrated notes

Levels and vault maps discovered:
D:1:      evilmike_arrival_plus, layout_rooms
D:2:      layout_loops_ring, dreamdust_ecumenical_altar_drowned_temple,
          hangedman_decor_slide_cut, minmay_quantized
D:3:      layout_basic, serial_shops, shop, nicolae_shop_stone,
          nicolae_shop_trees, shop, nicolae_underground_beach, uniq_terence,
          uniq_grinder
D:4:      layout_layer_cave, nicolae_gozag_seed_capital,
          guppyfry_early_lair_pool
D:5:      layout_loops_corners, nicolae_qazlal_scattered_showers,
          gammafunk_ghost_cemetery

Action                     |  1- 3 |  4- 6 || total
---------------------------+-------+-------++-------
  Melee: Long sword        |   117 |    65 ||   182
 Armour: Scale mail        |    54 |    50 ||   104
  Dodge: Dodged            |    55 |    42 ||    97
  Block: Buckler           |    25 |    16 ||    41

Table legend: (Time is in decaauts)
 A = Elapsed time spent in this place.
 B = Non-inter-level travel time spent in this place.
 C = Inter-level travel time spent in this place.
 D = Time resting spent in this place.
 E = Time spent auto-exploring this place.
 F = Levels seen in this place.
 G = Mean time per level.
                   A        B        C        D        E       F      G
               +--------+--------+--------+--------+--------+-----+--------+
         Total |   1756 |   1688 |     68 |      9 |   1160 |   5 |  351.2 |
       Dungeon |   1756 |   1688 |     68 |      9 |   1160 |   5 |  351.2 |
               +--------+--------+--------+--------+--------+-----+--------+

Top non-repeatable levels by time:
     D:2: 983 daAuts
     D:1: 548 daAuts
     D:4: 112 daAuts
     D:5: 56 daAuts
     D:3: 55 daAuts
